| TOP OF THE 1ST |
|
Wisconsin Timber Rattlers batting - Pitching for Kane County Cougars : RHP John Capparelli
|
|
Pitching: RHP John Capparelli
|
|
|
Batting: RHB Wiliama Dana
|
0-0: Swinging Strike 0-1: Ball 1-1: Called Strike 1-2: Fly out, F8 (Flyball, 89M, EV 89.4 MPH)
|
|
Batting: RHB Jeremy Harden
|
0-0: Ball 1-0: Called Strike 1-1: Ground out 6-3 (Groundball, 6S, EV 83.8 MPH)
|
|
Batting: RHB Tristan Smeets
|
0-0: Foul Ball, location: 2F 0-1: Ball 1-1: Ball 2-1: Called Strike 2-2: Foul Ball, location: 2F 2-2: DOUBLE (Flyball, 8RXD, EV 94.4 MPH)
|
|
Batting: SHB Ramon Perez
|
0-0: Fly out, F9 (Flyball, 89M, EV 81.2 MPH)
|
| Top of the 1st over - 0 runs, 1 hit, 0 errors, 1 left on base; Wisconsin 0 - Kane County 0 |
| BOTTOM OF THE 1ST |
|
Kane County Cougars batting - Pitching for Wisconsin Timber Rattlers : LHP Sam Glaser
|
|
Pitching: LHP Sam Glaser
|
|
|
Batting: LHB J.P. Olson
|
0-0: Called Strike 0-1: Fly out, F5 (Line Drive, 5, EV 70.6 MPH)
|
|
Batting: RHB Chad Mendoza
|
0-0: Called Strike 0-1: Swinging Strike 0-2: Ball 1-2: Ground out 5-3 (Groundball, 5, EV 89.4 MPH)
|
|
Batting: RHB Longfellow Wetzler
|
0-0: Swinging Strike 0-1: Called Strike 0-2: Foul Ball, location: 2F 0-2: Strikes out swinging
|
| Bottom of the 1st over - 0 runs, 0 hits, 0 errors, 0 left on base; Wisconsin 0 - Kane County 0 |
| TOP OF THE 2ND |
|
Wisconsin Timber Rattlers batting - Pitching for Kane County Cougars : RHP John Capparelli
|
|
Batting: RHB Alfredo Sena
|
0-0: Hit by Pitch
|
|
Batting: RHB Ryan Miller
|
0-0: Ground out 6-3 (Groundball, P, EV 78.1 MPH) Alfredo Sena to second
|
|
Batting: RHB Victor Alarcon
|
0-0: Ball 1-0: Fly out, F7 (Flyball, 7LS, EV 84.4 MPH)
|
|
Batting: RHB Chris Riddel
|
0-0: Called Strike 0-1: Swinging Strike Balk! Alfredo Sena to third 0-2: Ball 1-2: Ground out 6-3 (Groundball, 6, EV 82.5 MPH)
|
| Top of the 2nd over - 0 runs, 0 hits, 0 errors, 1 left on base; Wisconsin 0 - Kane County 0 |
| BOTTOM OF THE 2ND |
|
Kane County Cougars batting - Pitching for Wisconsin Timber Rattlers : LHP Sam Glaser
|
|
Batting: RHB Mike Smith
|
0-0: Called Strike 0-1: Ball 1-1: Ball 2-1: Ball 3-1: Base on Balls
|
|
Batting: RHB Cesar Rendon
|
0-0: Swinging Strike 0-1: Ball 1-1: Foul Ball, location: 2F 1-2: Strikes out swinging
|
|
Batting: RHB Sergio Manzanero
|
0-0: Ball Mike Smith steals 2nd, throwing error, E2 Mike Smith to third 1-0: Foul Ball, location: 2F 1-1: Swinging Strike 1-2: Fly out, F9 (Flyball, 9LSF, EV 81.2 MPH)
|
|
Batting: SHB Blaine Peters
|
0-0: Ball 1-0: Foul Ball, location: 2F 1-1: Called Strike 1-2: Strikes out swinging
|
| Bottom of the 2nd over - 0 runs, 0 hits, 1 error, 1 left on base; Wisconsin 0 - Kane County 0 |
| TOP OF THE 3RD |
|
Wisconsin Timber Rattlers batting - Pitching for Kane County Cougars : RHP John Capparelli
|
|
Batting: SHB Robert Sayer
|
0-0: Fly out, F9 (Flyball, 89D, EV 96.9 MPH)
|
|
Batting: RHB Wiliama Dana
|
0-0: Called Strike 0-1: Ball 1-1: Ground out 6-3 (Groundball, 6, EV 85.0 MPH)
|
|
Batting: RHB Jeremy Harden
|
0-0: Called Strike 0-1: Ball 1-1: Ball 2-1: Foul Ball, location: 2F 2-2: Ball 3-2: Ground out 1-3 (Groundball, 13S, EV 71.9 MPH)
|
| Top of the 3rd over - 0 runs, 0 hits, 0 errors, 0 left on base; Wisconsin 0 - Kane County 0 |
| BOTTOM OF THE 3RD |
|
Kane County Cougars batting - Pitching for Wisconsin Timber Rattlers : LHP Sam Glaser
|
|
Batting: RHB Jeremy Adams
|
0-0: Called Strike 0-1: Ball 1-1: Ball 2-1: Foul Ball, location: 2F 2-2: Ball 3-2: Fly out, F9 (Flyball, 89S, EV 86.9 MPH)
|
|
Batting: RHB John Ricketts
|
0-0: Ball 1-0: Fly out, F9 (Flyball, 9LSF, EV 79.4 MPH)
|
|
Batting: LHB J.P. Olson
|
0-0: Ball 1-0: Ball 2-0: Called Strike 2-1: Foul Ball, location: 2F 2-2: Ground out 4-3 (Groundball, 34D, EV 84.4 MPH)
|
| Bottom of the 3rd over - 0 runs, 0 hits, 0 errors, 0 left on base; Wisconsin 0 - Kane County 0 |
| TOP OF THE 4TH |
|
Wisconsin Timber Rattlers batting - Pitching for Kane County Cougars : RHP John Capparelli
|
|
Batting: RHB Tristan Smeets
|
0-0: Ground out 4-3 (Groundball, 4, EV 103.1 MPH)
|
|
Batting: SHB Ramon Perez
|
0-0: Ball 1-0: Ball 2-0: Called Strike 2-1: Foul Ball, location: 2F 2-2: SOLO HOME RUN (Line Drive, 9LD, EV 95.6 MPH), Distance : 353 ft
|
|
Batting: RHB Alfredo Sena
|
0-0: Ball 1-0: Ball 2-0: Swinging Strike 2-1: Foul Ball, location: 2F 2-2: Foul Ball, location: 2F 2-2: Strikes out swinging
|
|
Batting: RHB Ryan Miller
|
0-0: Foul Ball, location: 2F 0-1: Foul Ball, location: 2F 0-2: Ball 1-2: Ball 2-2: Ground out 4-3 (Groundball, 4, EV 108.8 MPH)
|
| Top of the 4th over - 1 run, 1 hit, 0 errors, 0 left on base; Wisconsin 1 - Kane County 0 |
| BOTTOM OF THE 4TH |
|
Kane County Cougars batting - Pitching for Wisconsin Timber Rattlers : LHP Sam Glaser
|
|
Batting: RHB Chad Mendoza
|
0-0: Ball 1-0: SINGLE (Groundball, 6MD, EV 106.2 MPH)
|
|
Batting: RHB Longfellow Wetzler
|
0-0: Called Strike 0-1: Ball 1-1: Ball 2-1: Called Strike 2-2: Foul Ball, location: 2F 2-2: Ball 3-2: Foul Ball, location: 2F 3-2: Base on Balls Chad Mendoza to second
|
|
Batting: RHB Mike Smith
|
0-0: Called Strike 0-1: Called Strike 0-2: Strikes out looking
|
|
Batting: RHB Cesar Rendon
|
0-0: Called Strike 0-1: Called Strike 0-2: Strikes out swinging
|
|
Batting: RHB Sergio Manzanero
|
0-0: Called Strike 0-1: Ball 1-1: Ball 2-1: Swinging Strike 2-2: Strikes out looking
|
| Bottom of the 4th over - 0 runs, 1 hit, 0 errors, 2 left on base; Wisconsin 1 - Kane County 0 |
| TOP OF THE 5TH |
|
Wisconsin Timber Rattlers batting - Pitching for Kane County Cougars : RHP John Capparelli
|
|
Batting: RHB Victor Alarcon
|
0-0: Called Strike 0-1: Foul Ball, location: 2F 0-2: Strikes out looking
|
|
Batting: RHB Chris Riddel
|
0-0: Foul Ball, location: 2F 0-1: SINGLE (Groundball, 56D, EV 94.4 MPH)
|
|
Batting: SHB Robert Sayer
|
0-0: Ball Wild Pitch! Chris Riddel to second 1-0: Fly out, F4 (Line Drive, 4, EV 68.1 MPH) Lined into DP, 4-6 (Line Drive, 4, EV 70.6 MPH)
|
| Top of the 5th over - 0 runs, 1 hit, 0 errors, 0 left on base; Wisconsin 1 - Kane County 0 |
| BOTTOM OF THE 5TH |
|
Kane County Cougars batting - Pitching for Wisconsin Timber Rattlers : LHP Sam Glaser
|
|
Batting: SHB Blaine Peters
|
0-0: Called Strike 0-1: Ball 1-1: DOUBLE (Line Drive, 78D, EV 93.8 MPH)
|
|
Batting: RHB Jeremy Adams
|
0-0: Fly out, F8 (Flyball, 8LM, EV 90.6 MPH)
|
|
Batting: RHB John Ricketts
|
0-0: Ground out 6-3 (Groundball, 6, EV 85.6 MPH) Blaine Peters to third
|
|
Batting: LHB J.P. Olson
|
0-0: Ball 1-0: Ball 2-0: Ball 3-0: Called Strike 3-1: Swinging Strike 3-2: Fly out, F8 (Line Drive, 8LD, EV 93.1 MPH)
|
| Bottom of the 5th over - 0 runs, 1 hit, 0 errors, 1 left on base; Wisconsin 1 - Kane County 0 |
| TOP OF THE 6TH |
|
Wisconsin Timber Rattlers batting - Pitching for Kane County Cougars : RHP John Capparelli
|
|
Batting: RHB Wiliama Dana
|
0-0: Ball 1-0: Foul Ball, location: 2F 1-1: Ball 2-1: Foul Ball, location: 2F 2-2: Strikes out swinging
|
|
Batting: RHB Jeremy Harden
|
0-0: Called Strike 0-1: Fly out, F8 (Flyball, 8LS, EV 95.0 MPH)
|
|
Batting: RHB Tristan Smeets
|
0-0: Ball 1-0: Foul Ball, location: 2F 1-1: SINGLE (Line Drive, 56, EV 96.2 MPH)
|
|
Batting: SHB Ramon Perez
|
0-0: Ball 1-0: SINGLE (Line Drive, 9S, EV 95.6 MPH) Tristan Smeets to second Runner from 2nd tries for 3rd, OUT! 9-5
|
| Top of the 6th over - 0 runs, 2 hits, 0 errors, 1 left on base; Wisconsin 1 - Kane County 0 |
| BOTTOM OF THE 6TH |
|
Kane County Cougars batting - Pitching for Wisconsin Timber Rattlers : LHP Sam Glaser
|
|
Batting: RHB Chad Mendoza
|
0-0: Called Strike 0-1: Called Strike 0-2: SINGLE (Line Drive, 9S, EV 106.9 MPH)
|
|
Batting: RHB Longfellow Wetzler
|
0-0: Ball 1-0: Ball 2-0: Called Strike 2-1: Foul Ball, location: 2F 2-2: Strikes out swinging
|
|
Batting: RHB Mike Smith
|
0-0: Ball 1-0: Called Strike 1-1: Ball 2-1: Foul Ball, location: 2F 2-2: Strikes out looking
|
|
Batting: RHB Cesar Rendon
|
0-0: Ball 1-0: Called Strike 1-1: Ball 2-1: Called Strike 2-2: Strikes out swinging
|
| Bottom of the 6th over - 0 runs, 1 hit, 0 errors, 1 left on base; Wisconsin 1 - Kane County 0 |
| TOP OF THE 7TH |
|
Wisconsin Timber Rattlers batting - Pitching for Kane County Cougars : RHP John Capparelli
|
|
Batting: RHB Alfredo Sena
|
0-0: Ball 1-0: Ball 2-0: Ball 3-0: Called Strike 3-1: Foul Ball, location: 2F 3-2: Strikes out swinging
|
|
Batting: RHB Ryan Miller
|
0-0: Called Strike 0-1: Ball 1-1: Ball 2-1: Swinging Strike 2-2: Ground out 6-3 (Groundball, P, EV 85.6 MPH)
|
|
Batting: RHB Victor Alarcon
|
0-0: Called Strike 0-1: Ball 1-1: Called Strike 1-2: Ball 2-2: Strikes out swinging
|
| Top of the 7th over - 0 runs, 0 hits, 0 errors, 0 left on base; Wisconsin 1 - Kane County 0 |
| BOTTOM OF THE 7TH |
|
Kane County Cougars batting - Pitching for Wisconsin Timber Rattlers : LHP Sam Glaser
|
|
Pitching: LHP Billy Rojas
|
|
|
Batting: RHB Sergio Manzanero
|
0-0: Foul Ball, location: 2F 0-1: Foul Ball, location: 2F 0-2: Ball 1-2: Ball 2-2: Ball 3-2: Base on Balls
|
|
Batting: SHB Blaine Peters
|
0-0: Bunt missed! 0-1: Bunted foul 0-2: Foul Ball, location: 2F 0-2: Ball 1-2: Ball 2-2: SINGLE (Groundball, 4MD, EV 100.6 MPH) Sergio Manzanero to second
|
|
Pinch Runner at 2nd Jeff Trapp:
|
|
|
Batting: RHB Jeremy Adams
|
0-0: SINGLE (Groundball, P, EV 89.4 MPH) (infield hit) Jeff Trapp to third Blaine Peters to second
|
|
Batting: RHB John Ricketts
|
0-0: Ball 1-0: Swinging Strike 1-1: Foul Ball, location: 2F 1-2: Ball 2-2: Ball 3-2: Base on Balls Jeff Trapp scores Blaine Peters to third Jeremy Adams to second
|
|
Batting: LHB J.P. Olson
|
0-0: Ball 1-0: Ball 2-0: Grounds into fielders choice 6-2 (Groundball, 4M, EV 88.8 MPH) Jeremy Adams to third John Ricketts to second
|
|
Batting: RHB Chad Mendoza
|
0-0: Ball 1-0: SINGLE (Groundball, 4MD, EV 101.9 MPH) Jeremy Adams scores John Ricketts to third J.P. Olson to second
|
|
Batting: RHB Longfellow Wetzler
|
0-0: Ball 1-0: Foul Ball, location: 2F 1-1: SINGLE (Flyball, 89S, EV 96.9 MPH) John Ricketts scores J.P. Olson to third Chad Mendoza to second
|
|
Pitching: RHP Julian Urbina
|
|
|
Batting: RHB Mike Smith
|
0-0: Ball 1-0: Ball 2-0: Foul Ball, location: 2F 2-1: Fly out, F9 (Flyball, 89M, EV 82.5 MPH) Runner from 3rd tags up, SCORES, throw by RF Chad Mendoza to third
|
|
Batting: RHB Cesar Rendon
|
0-0: Fly out, F8 (Flyball, 8LXD, EV 86.9 MPH)
|
| Bottom of the 7th over - 4 runs, 4 hits, 0 errors, 2 left on base; Wisconsin 1 - Kane County 4 |
| TOP OF THE 8TH |
|
Wisconsin Timber Rattlers batting - Pitching for Kane County Cougars : RHP John Capparelli
|
|
Now at 2B: Ernesto Zamora
|
|
|
Now in CF: Jeff Trapp
|
|
|
Batting: RHB Chris Riddel
|
0-0: Ball 1-0: Foul Ball, location: 2F 1-1: Ground out 5-3 (Groundball, 5, EV 81.2 MPH)
|
|
Batting: SHB Robert Sayer
|
0-0: Called Strike 0-1: Ball 1-1: Ball 2-1: SINGLE (Flyball, 6D, EV 93.1 MPH)
|
|
Batting: RHB Wiliama Dana
|
0-0: Grounds into double play, 6-4-3 (Groundball, 6M, EV 83.8 MPH)
|
| Top of the 8th over - 0 runs, 1 hit, 0 errors, 0 left on base; Wisconsin 1 - Kane County 4 |
| BOTTOM OF THE 8TH |
|
Kane County Cougars batting - Pitching for Wisconsin Timber Rattlers : RHP Julian Urbina
|
|
Batting: LHB Jeff Trapp
|
0-0: Ball 1-0: Called Strike 1-1: DOUBLE (Groundball, 3L, EV 115.6 MPH)
|
|
Batting: SHB Blaine Peters
|
0-0: Ball 1-0: Fly out, F4 (Line Drive, 4, EV 72.5 MPH)
|
|
Batting: RHB Jeremy Adams
|
0-0: Ball 1-0: Ball 2-0: Swinging Strike 2-1: Foul Ball, location: 2F 2-2: Strikes out swinging
|
|
Batting: RHB John Ricketts
|
0-0: Foul Ball, location: 2F 0-1: Called Strike 0-2: Ball 1-2: Ball 2-2: Strikes out swinging
|
| Bottom of the 8th over - 0 runs, 1 hit, 0 errors, 1 left on base; Wisconsin 1 - Kane County 4 |
| TOP OF THE 9TH |
|
Wisconsin Timber Rattlers batting - Pitching for Kane County Cougars : RHP John Capparelli
|
|
Pitching: RHP Moises Baez
|
|
|
Batting: RHB Jeremy Harden
|
0-0: Ground out 6-3 (Groundball, 6, EV 107.5 MPH)
|
|
Batting: RHB Tristan Smeets
|
0-0: Ball 1-0: Swinging Strike 1-1: Ball 2-1: Swinging Strike 2-2: Ball 3-2: Strikes out swinging
|
|
Batting: SHB Ramon Perez
|
0-0: Ball 1-0: Called Strike 1-1: Foul Ball, location: 2F 1-2: Ball 2-2: Foul Ball, location: 2F 2-2: Ball 3-2: Ground out U3 (Groundball, 34, EV 83.1 MPH)
|
| Top of the 9th over - 0 runs, 0 hits, 0 errors, 0 left on base; Wisconsin 1 - Kane County 4 |
|